 Dungeon Crawl Stone Soup version 0.22-a0-533-g4d20840 (webtiles) character file.

3 iamserjio the Charmwright (level 1, -7/11 HPs)
             Began as a Vine Stalker Skald on June 22, 2018.
             Mangled by Natasha (8 damage)
             ... on level 2 of the Dungeon.
             The game lasted 00:00:52 (55 turns).

iamserjio the Charmwright (Vine Stalker Skald)        Turns: 55, Time: 00:00:52

Health: -7/11      AC:  3    Str: 13    XL:     1   Next: 50%
Magic:  0/4        EV: 11    Int: 13    God:
Gold:   0          SH:  0    Dex: 13    Spells: 3/4 levels left

rFire    . . .     SeeInvis .   d - +0 mace
rCold    . . .     Gourm    .   (no shield)
rNeg     . . .     Faith    .   a - +0 leather armour
rPois    .         Spirit   +   (no helmet)
rElec    .         Reflect  .   (no cloak)
rCorr    .         Harm     .   (no gloves)
MR       .....                  (no boots)
Stlth    +.........             (no amulet)
HPRegen  0.03/turn              (no ring)
MPRegen  0.09/turn              (no ring)

@: infused, very slightly contaminated, slowed, very slow
A: fangs 2, magic shield, antimagic bite, no potion heal 3, rot immunity
a: no special abilities


You were on level 2 of the Dungeon.
You were not hungry.

You visited 1 branch of the dungeon, and saw 2 of its levels.

Inventory:

Hand Weapons
 b - a +0 club
 d - a +0 mace (weapon)
Armour
 a - a +0 leather armour (worn)
Comestibles
 c - a ration


   Skills:
 + Level 1.9 Fighting
 - Level 0.7 Armour
 - Level 1.5 Dodging
 * Level 2.2 Unarmed Combat
 - Level 2.1 Spellcasting
 - Level 3.0 Charms


You had 3 spell levels left.
You knew the following spells:

 Your Spells              Type           Power        Failure   Level  Hunger
a - Infusion              Chrm           #...         10%         1    ##.....

Your spell library contained the following spells:

 Spells                   Type           Power        Failure   Level  Hunger
 Regeneration             Chrm/Necr      #.........   45%         3    ####...
 Shroud of Golubria       Chrm/Tloc      #.........   26%         2    ###....
 Song of Slaying          Chrm           #.......     14%         2    ###....
 Spectral Weapon          Hex/Chrm       #.......     45%         3    ####...


Dungeon Overview and Level Annotations

Branches:
Dungeon (2/15)

Altars:

Annotations:
D:2 Natasha


Innate Abilities, Weirdness & Mutations

You have extremely sharp teeth.
When hurt, damage is shared between your health and your magic reserves.
Your bite disrupts and absorbs the magic of your enemies.
Potions cannot restore your health.
You are immune to rotting.


Message History

Casting: Infusion (safe; 10% risk of failure)
Confirm with . or Enter, or press ? or * to list all spells.
You begin infusing your attacks with magical energy.
Natasha stares at you and mumbles some strange words.
You feel yourself slow down.
You closely miss Natasha. You bite Natasha, but do no damage.
The kobold barely misses you.
Natasha zaps a wand.
The puff of flame hits you!
It is a wand of flame (23).
The kobold hits you with a club. Natasha claws you.
* * * LOW HITPOINT WARNING * * *
You barely miss Natasha. Your bite misses Natasha.
The kobold hits you but does no damage. Natasha claws you but does no damage.
The kobold hits you with a club.
* * * LOW HITPOINT WARNING * * *
Natasha extends her claws.
Natasha barely misses you.
You hit Natasha. Your bite misses Natasha.
Natasha is lightly wounded.
The kobold hits you but does no damage. Natasha claws you!
Ouch! That really hurt!
You die...

# .. ######.##
#.## ......#.#
.....##......#
#......K....#
#@h...#
#.....#
#.....#
#.....#
#.....#
#.....#
#.....#
#######


You could see Natasha and a kobold.

Vanquished Creatures
  A hobgoblin (D:1)
  2 kobolds (D:1)
3 creatures vanquished.

Notes
Turn   | Place    | Note
-------+----------+-------------------------------------------
     0 | D:1      | iamserjio the Vine Stalker Skald began the quest for the Orb.
     0 | D:1      | Reached XP level 1. HP: 11/11 MP: 4/4
    50 | D:2      | Noticed Natasha
    55 | D:2      | Mangled by Natasha

Vault maps used:
D:1:      shiori_shiawase, minmay_pentomino_u2
D:2:      kennysheep_generic_room_7, uniq_natasha, uniq_terence

Action                   || total
-------------------------++-------
Melee: Unarmed           ||     7
       Mace              ||     3
       Bite              ||     1
 Cast: Infusion          ||     2
Armor: Leather armour    ||     3
Dodge: Dodged            ||     8

Table legend:
 A = Spawn XP
 B = Non-spawn XP
 C = Spawn XP percentage of total XP
 D = Spawn monster count
 E = Non-spawn monster count
 F = Spawn count percentage of total count
 G = Total turns spent on level
                    A         B        C        D         E        F      G
               +---------+---------+-------+---------+---------+-------+---------
         Total |       0 |       5 |   0.0 |       0 |       3 |   0.0 |    55
               +---------+---------+-------+---------+---------+-------+---------
           D:1 |       0 |       5 |   0.0 |       0 |       3 |   0.0 |    50
               +---------+---------+-------+---------+---------+-------+---------
